 Seeded DCSS version 0.28-a0-925-gd5e1996cdb (webtiles) character file.

Game seed: 19621962 (custom seed)

679 dracfodder the Magician (level 7, -2/38 HPs)
             Began as a Gargoyle Fire Elementalist on Nov 23, 2021.
             Was an Initiate of Vehumet.
             Slain by a mummy (15 damage)
             ... on level 4 of the Dungeon on Nov 26, 2021.
             The game lasted 00:31:02 (5854 turns).

dracfodder the Magician (GrFE)                      Turns: 5854, Time: 00:31:04

Health: -2/38      AC:  7    Str: 12    XL:     7   Next: 60%
Magic:  7/15       EV: 12    Int: 17    God:    Vehumet [......]
Gold:   304        SH:  0    Dex: 10    Spells: 6/16 levels left

rFire   + . .      SeeInvis .   h - staff of fire
rCold   . . .      Faith    .   (no shield)
rNeg    + . .      Spirit   .   d - +0 robe
rPois   ∞          Reflect  .   (no helmet)
rElec   +          Harm     .   (no cloak)
rCorr   .          Rampage  .   (no gloves)
Will    .....                   o - +0 pair of boots
Stlth   ++........              (no amulet)
HPRegen 0.12/turn               (no ring)
MPRegen 0.14/turn               (no ring)

@: no status effects
A: sickness immunity, AC +4, negative energy resistance 1, electricity
resistance, torment resistance 1, petrification resistance
a: Renounce Religion


You were on level 4 of the Dungeon.
You worshipped Vehumet.
Vehumet was noncommittal.
You visited 2 branches of the dungeon, and saw 7 of its levels.

You collected 304 gold pieces.

Inventory:

Hand Weapons
 a - a +1 hunting sling
 b - a +0 dagger of speed
Missiles
 c - 37 stones
 l - 20 arrows
 m - 22 sling bullets
 n - 5 poisoned darts
 p - 45 bolts
Armour
 d - a +0 robe (worn)
 o - a +0 pair of boots (worn)
Magical Staves
 h - a staff of fire (weapon)
Wands
 f - a wand of iceblast (7)
 q - a wand of mindburst (14)
Scrolls
 g - 2 scrolls of teleportation
 i - a scroll of magic mapping
 j - 2 scrolls of identify
Potions
 e - a potion of lignification
 k - a potion of attraction {unknown}


   Skills:
 + Level 1.0 Fighting
 + Level 1.2 Staves
 + Level 2.1 Dodging
 + Level 2.9 Stealth
 * Level 5.4 Spellcasting
 + Level 3.4 Conjurations
 + Level 4.8 Fire Magic


You had 6 spell levels left.
You knew the following spells:

 Your Spells              Type           Power      Damage    Failure   Level
a - Foxfire               Conj/Fire      100%       2x1d9     2%          1
b - Scorch                Fire           62%        2d8       3%          2
c - Conjure Flame         Conj/Fire      27%        6-21      8%          3
d - Flame Wave            Conj/Fire      27%        3d6       26%         4

Your spell library contained the following spells:

 Spells                   Type           Power      Damage    Failure   Level
 Inner Flame              Hex/Fire       19%        N/A       16%         3


Dungeon Overview and Level Annotations

Branches:
Dungeon (6/15)             Temple (1/1) D:5

Altars:
Cheibriados
Dithmenos
Elyvilon
Fedhas
Gozag
Kikubaaqudgha
Nemelex Xobeh
Okawaru
Qazlal
Ru
Sif Muna
Vehumet
Xom
Zin
The Shining One

Shops:
D:4 *   D:5 :

Annotations:
D:4 1 transporter, aaaaab's ghost, amateur MiBe


Innate Abilities, Weirdness & Mutations

You are immune to sickness and miasma.
Your stone body is resilient. (AC +4)
You are immune to poison.
You resist negative energy. (rN+)
You are resistant to electric shocks. (rElec)
You are resistant to unholy torment.
You are immune to petrification.


Message History

The mummy is severely damaged.
The foxfire hits aaaaab's ghost.
Aaaaab's ghost is lightly damaged.
The bullfrog zombie hits you but does no damage.
Aaaaab's ghost hits you.
The centaur skeleton closely misses you.
The centaur skeleton kicks you but does no damage.
The bullfrog zombie hits you but does no damage.
Casting: Foxfire (safe; 2% risk of failure)
Press: ? - help, Q - select action, (/) - cycle Dir - look around, f - activate You feel a surge of power!
You conjure some foxfire!
The centaur skeleton closely misses you.
The centaur skeleton kicks you but does no damage.
Aaaaab's ghost closely misses you. The mummy closely misses you.
The bullfrog zombie hits you but does no damage.
Casting: Foxfire (safe; 2% risk of failure)
Press: ? - help, Q - select action, (/) - cycle Dir - look around, f - activate You feel a surge of power!
You conjure some foxfire!
The foxfire hits the bullfrog zombie.
The bullfrog zombie is severely damaged.
The foxfire hits the mummy but does no damage.
The mummy is severely damaged.
The centaur skeleton hits you. The centaur skeleton misses you.
Aaaaab's ghost hits you but does no damage.
The bullfrog zombie hits you but does no damage.
The centaur skeleton hits you but does no damage.
The centaur skeleton kicks you but does no damage.
Casting: Foxfire (safe; 2% risk of failure)
Press: ? - help, Q - select action, (/) - cycle Dir - look around, f - activate You feel a surge of power!
You conjure some foxfire!
The foxfire hits aaaaab's ghost but does no damage.
Aaaaab's ghost is lightly damaged.
The foxfire hits the bullfrog zombie.
The bullfrog zombie is almost destroyed.
The bullfrog zombie hits you but does no damage.
Aaaaab's ghost hits you!
The centaur skeleton hits you but does no damage.
The centaur skeleton closely misses you.
The mummy hits you!
You die...

......##.................#
......##........©........#
...[.###..#############..#
#....# #..#.Z.."$.....#†)#
#....# #..#...........#))#
##...# #..#..##...##..#).#
#...# #..#..#8...8#..#..#
##...# #..#..##ZW.##..#..#
##...# #..#....M@.....#..#
##...# #..#..##vZv##..#..#
#....# #..#..#8...8#..#..#
.....# #..#..##...##..#..#
.....###..#...........#..#
......##..#©..........#..#
.....).#..#############..#
.......<........©........#
.........................#


You could see a mummy (ally target), aaaaab's ghost, a bullfrog zombie (ally
target) and a centaur skeleton.

Vanquished Creatures
  A necrophage (D:5)
  A phantom (D:5)
  2 scorpions
  A bullfrog skeleton (D:4)
  A jelly (D:4)
  An orc priest (D:3)
  2 hounds
  2 iguanas (D:4)
  A hound zombie (D:5)
  A hound skeleton (D:4)
  5 adders
  A shadow imp (D:5)
  A white imp (D:5)
  An ufetubus (D:5)
  An adder skeleton (D:4)
  2 dart slugs (D:2)
  12 orcs
  6 endoplasms
  3 giant cockroaches
  7 goblins
  10 hobgoblins
  3 jackals (D:5)
  2 quokkas (D:1)
  10 ball pythons
  2 bats
  4 frilled lizards
  3 kobolds
  4 rats
90 creatures vanquished.

Vanquished Creatures (collateral kills)
  A goblin (D:4)
1 creature vanquished.

Vanquished Creatures (others)
  291 foxfires
291 creatures vanquished.

Grand Total: 382 creatures vanquished

Notes
Turn   | Place    | Note
-------+----------+-------------------------------------------
     0 | D:1      | dracfodder the Gargoyle Fire Elementalist began the quest
                  | for the Orb.
     0 | D:1      | Reached XP level 1. HP: 10/10 MP: 3/3
   285 | D:1      | Reached XP level 2. HP: 15/15 MP: 0/5
   344 | D:1      | Learned a level 2 spell: Scorch
  1049 | D:1      | Reached XP level 3. HP: 19/19 MP: 1/6
  1819 | D:2      | Learned a level 3 spell: Conjure Flame
  2062 | D:4      | Reached skill level 3 in Spellcasting
  2062 | D:4      | Reached XP level 4. HP: 24/24 MP: 0/8
  2141 | D:4      | Reached XP level 5. HP: 28/28 MP: 0/10
  2565 | D:3      | Found a radiant altar of Vehumet.
  2573 | D:3      | Became a worshipper of Vehumet
  3038 | D:3      | You fall into a shaft and drop 2 floors!
  3038 | D:5      | Entered Level 5 of the Dungeon
  3098 | D:5      | Reached skill level 4 in Spellcasting
  3098 | D:5      | Reached XP level 6. HP: 13/32 MP: 3/12
  3306 | D:5      | Found a shimmering blue altar of Sif Muna.
  3326 | D:5      | Found a snail-covered altar of Cheibriados.
  3361 | D:5      | Found a staircase to the Ecumenical Temple.
  3374 | Temple   | Entered the Ecumenical Temple
  3813 | D:4      | Found Laoz's Assorted Antiques.
  4064 | D:4      | Found a transporter.
  4067 | D:4      | Found a transporter.
  4068 | D:4      | Noticed aaaaab's ghost (amateur MiBe)
  4271 | D:4      | Upgraded the game from 0.28-a0-906-g0406aca7d3 to
                  | 0.28-a0-925-gd5e1996cdb
  4583 | D:4      | Reached XP level 7. HP: 28/37 MP: 8/14
  4678 | D:4      | Learned a level 4 spell: Flame Wave
  4701 | D:5      | Found Vetzuih's Book Shoppe.
  4855 | D:4      | Found an opulent altar of Gozag.
  5214 | D:5      | Reached skill level 1 in Staves
  5214 | D:5      | Reached skill level 5 in Spellcasting
  5220 | D:5      | Reached skill level 1 in Fighting
  5493 | D:5      | Found a glowing golden altar of the Shining One.
  5854 | D:4      | Slain by a mummy

Illustrated notes

Levels and vault maps discovered:
D:1:      minmay_arrival_split_and_join, layout_basic
D:2:      layout_loops_cross
D:3:      layout_basic, mainiacjoe_overflow_alcove_2
D:4:      layout_layer_cave, kennysheep_mini_moat, gammafunk_ghost_mausoleum,
          serial_shops, shop
D:5:      layout_basic, tso_oasis_becter, mainiacjoe_overflow_catch_the_wave,
          minmay_temple_entry_slanted, serial_shops, nicolae_stop_n_shop_2
D:6:      lemuel_ice_spiral_2, layout_basic, grunt_ministairs_13,
          uniq_prince_ribbit1
Temple:   zaba_magenta_temple

Skill      XL: |  1  2  3  4  5  6  7 |
---------------+----------------------+-----
Spellcasting   | 3 4 5 |  5.4
Fire Magic     | 4 |  4.8
Conjurations   | 2 3 |  3.4
Dodging        | 2 |  2.1
Staves         | 1 |  1.2
Fighting       | 1 |  1.0
Stealth        | |  2.9

Action                   |  1- 3 |  4- 6 |  7- 9 || total
-------------------------+-------+-------+-------++-------
Melee: Dagger            |     3 |       |       ||     3
       Staff             |     7 |    21 |     7 ||    35
 Cast: Foxfire           |    50 |    87 |    31 ||   168
       Scorch            |     6 |       |     3 ||     9
       Conjure Flame     |       |       |     1 ||     1
  Use: Scroll            |     2 |     5 |       ||     7
       Potion            |       |     1 |       ||     1
Armor: Robe              |     4 |    16 |    16 ||    36
Dodge: Dodged            |     6 |    30 |    18 ||    54

Table legend: (Time is in decaauts)
 A = Elapsed time spent in this place.
 B = Non-inter-level travel time spent in this place.
 C = Inter-level travel time spent in this place.
 D = Time resting spent in this place.
 E = Time spent auto-exploring this place.
 F = Levels seen in this place.
 G = Mean time per level.
                   A        B        C        D        E       F      G
               +--------+--------+--------+--------+--------+-----+--------+
         Total |   5870 |   5659 |    211 |   1581 |   3092 |   7 |  838.6 |
       Dungeon |   5796 |   5603 |    193 |   1581 |   3042 |   6 |  966.0 |
        Temple |     73 |     55 |     18 |      0 |     50 |   1 |   73.0 |
               +--------+--------+--------+--------+--------+-----+--------+

Top non-repeatable levels by time:
     D:5: 1386 daAuts
     D:4: 1226 daAuts
     D:1: 1166 daAuts
     D:3: 1146 daAuts
     D:2: 836 daAuts
  Temple: 73 daAuts
     D:6: 34 daAuts
